 Dungeon Crawl Stone Soup version 0.30-a0-424-g7412bad402 (webtiles) character file.

Game seed: 15467490163997743154

20 arthad the Magician (level 3, -2/26 HPs)
             Began as a Djinni Fire Elementalist on Dec 10, 2022.
             Slain by a gnoll
             ... wielding a +0 flail
              (7 damage)
             ... on level 1 of the Dungeon.
             The game lasted 00:02:14 (999 turns).

arthad the Magician (Djinni Fire Elementalist)       Turns: 999, Time: 00:02:15

Health: -2/26      AC:  2    Str:  7    XL:     3   Next: 0%
Gold:   32         EV: 12    Int: 18    God:
                   SH:  0    Dex: 13

rFire   + + .      SeeInvis .    (no weapon)
rCold   x . .      Faith    .    (no shield)
rNeg    . . .      Spirit   .    a - +0 robe
rPois   ∞          Reflect  .    (no helmet)
rElec   .          Harm     .    (no cloak)
rCorr   .          Rampage  .    (no gloves)
Will    .....                    (boots unavailable)
Stlth   ++........               (no amulet)
HPRegen 0.24/turn                (no ring)
MPRegen 0.00/turn                (no ring)

@: flying
A: sickness immunity, fire resistance 2, cold vulnerability 1, float, innate
caster, HP casting, extra vitality 1
a: no special abilities


You were on level 1 of the Dungeon.
You visited 1 branch of the dungeon, and saw 2 of its levels.

You collected 32 gold pieces.

Inventory:

Missiles
 g - 6 atropa-tipped darts
Armour
 a - a +0 robe (worn)
Magical Staves
 f - a staff of earth
Scrolls
 b - a scroll of butterflies {unknown}
 c - 4 scrolls of blinking {unknown}
 d - a scroll of summoning {unknown}
 e - a scroll of torment {unknown}


   Skills:
 + Level 0.8 Fighting
 + Level 2.5 Dodging
 + Level 1.9 Stealth
 * Level 2.7 Spellcasting


You couldn't memorise any spells.
You knew the following spells:

 Your Spells              Type           Power      Damage    Failure   Level
a - Foxfire               Conj/Fire      48%        2x1d6     5%          1
b - Scorch                Fire           24%        2d6       9%          2
c - Kindle Blastsparks    Fire/Tloc/Air  24%        2d12      17%         3
d - Inner Flame           Hex/Fire       12%        N/A       17%         3
e - Flame Wave            Conj/Fire      12%        2d6       50%         4
f - Freeze                Ice            48%        1d6       5%          1
Your spell library was empty.

Dungeon Overview and Level Annotations

Branches:
Dungeon (2/15)

Altars:

Shops:
D:1 !


Innate Abilities, Weirdness & Mutations

You are immune to sickness and miasma.
You are immune to poison.
Your flesh is very heat resistant. (rF++)
You are vulnerable to cold. (rC-)
You float through the air rather than walking.
You learn spells naturally, not from books.
Your magical power is your life essence.
You have superior vitality. (+4 MHP)


Message History

Your experience leads to an increase in your attributes!
Increase (S)trength, (I)ntelligence, or (D)exterity?
You feel clever. x2
The power to cast Freeze wells up from within.
Spell assigned to 'f'.
You start resting.
HP restored.
You need no library to learn spells.
Casting: Foxfire (safe; 5% risk of failure)
Confirm with . or Enter, or press ? or * to list all spells.
Okay, then.
You fly downwards.
The giant cockroach bites you but does no damage.
The gnoll barely misses you. The endoplasm freezes you.
You are frozen.
The endoplasm freezes you.
You are frozen.
You feel a terrible chill! The gnoll completely misses you.
The giant cockroach bites you.
There is a stone staircase leading up here.
Unknown command.
The adder barely misses you. The gnoll hits you with a +0 flail!
The endoplasm misses you. The endoplasm hits you.
* * * LOW HITPOINT WARNING * * *
The gnoll hits you from afar with a +0 spear.
* * * LOW HITPOINT WARNING * * *
The giant cockroach closely misses you.
You fly upwards.
There is a stone staircase leading down here.
Unknown command.
Unknown command.
Okay, then.
You aren't carrying any potions.
Casting: Foxfire (safe; 5% risk of failure)
Confirm with . or Enter, or press ? or * to list all spells.
Flames lash the endoplasm.
You kill the endoplasm!
* * * LOW HITPOINT WARNING * * *
The endoplasm completely misses you. The gnoll hits you with a +0 flail!
You die...

##.##.......<.÷8÷>#..#......#
##.##...§.....÷÷÷###......#.##
......##.≈≈≈§§...#....#.#....#
..##..##...§§§..⌠#..#.....##.#
..##[.############..#.#.#.##^#
..###..........# #..#.....##.#
......########.###..#####....#
..##### #Bg##..# ####.# .##
######J@#.#########.#
.#########....S#.#.........#.#
...............#...#######.#.####
.#########.....#.### #.#.....
.######.#......#.# #.######
.#......#..###.#.# #.#.....
##.####.#..# #.#.# #.#.####
........#..###.#.# #.#.....
##.######..)...#.#########.#..##.


You could see a gnoll, an adder, an endoplasm and a giant cockroach.

Vanquished Creatures
  A gnoll (D:1)
  3 endoplasms (D:1)
  2 goblins (D:1)
  2 ball pythons (D:1)
  A bat (D:1)
  A frilled lizard (D:1)
  A kobold (D:1)
  3 rats (D:1)
14 creatures vanquished.

Vanquished Creatures (others)
  33 foxfires
33 creatures vanquished.

Grand Total: 47 creatures vanquished

Notes
Turn   | Place    | Note
-------+----------+-------------------------------------------
     0 | D:1      | arthad the Djinni Fire Elementalist began the quest for the
                  | Orb.
     0 | D:1      | arthad set off with the following spells memorised:
                  | Foxfire, Scorch, Kindle Blastsparks, Inner Flame, Flame
                  | Wave.
     0 | D:1      | Reached XP level 1. HP: 15/15 MP: 0/0
   225 | D:1      | Reached XP level 2. HP: 21/22 MP: 0/0
   237 | D:1      | Found Vuhauz's Distillery.
   982 | D:1      | Reached XP level 3. HP: 22/26 MP: 0/0
   982 | D:1      | Learned a level 1 spell: Freeze
   999 | D:1      | Slain by a gnoll

Illustrated notes

Levels and vault maps discovered:
D:1:      dreamdust_arrival_sigmund_warning, layout_basic, serial_glass,
          glass_columns_a, glass_columns_c, glass_columns_b, glass_columns_a,
          glass_columns_a, glass_columns_c, serial_shops, shop
D:2:      layout_rooms, uniq_jessica

Action                   || total
-------------------------++-------
Melee: Unarmed           ||     8
 Cast: Foxfire           ||    20
       Scorch            ||     1
Armor: Robe              ||     3
Dodge: Dodged            ||    14

Table legend: (Time is in decaauts)
 A = Elapsed time spent in this place.
 B = Non-inter-level travel time spent in this place.
 C = Inter-level travel time spent in this place.
 D = Time resting spent in this place.
 E = Time spent auto-exploring this place.
 F = Levels seen in this place.
 G = Mean time per level.
                   A        B        C        D        E       F      G
               +--------+--------+--------+--------+--------+-----+--------+
         Total |   1000 |    880 |    120 |     13 |    760 |   2 |  500.0 |
       Dungeon |   1000 |    880 |    120 |     13 |    760 |   2 |  500.0 |
               +--------+--------+--------+--------+--------+-----+--------+

Top non-repeatable levels by time:
     D:1: 995 daAuts
     D:2: 5 daAuts
